Map: Blackburn LE

Players

Trap

  • Race: Protoss Protoss

Serral - Winner!

  • Race: Zerg Zerg

Event: StayAtHome Story Cup #4

VOD

Have the link to the VOD?

Description

Time

  • Played on: Oct. 22, 2021, 8:56 a.m.
  • Length: 32:02

All games in this series

Show
View Real Time Build Order
Export as new Build Order

Trap Protoss 

Build Orders: 1 Gate Expand, Oracle Opening 

Get SALT Encoding   

  12  0:00  Probe  
  13  0:14  Pylon  
  13  0:17  Probe (Chrono Boost)  
  14  0:27  Probe (Chrono Boost)  
  15  0:32  Probe (Chrono Boost)  
  16  0:40  Gateway  
  16  0:43  Probe  
  16  0:49  Assimilator  
  17  0:55  Probe  
  18  1:08  Probe  
  19  1:20  Probe  
  20  1:25  Nexus  
  20  1:37  Cybernetics Core  
  20  1:39  Probe  
  21  1:44  Assimilator  
  21  1:51  Probe  
  22  1:55  Pylon  
  22  2:03  Probe (Chrono Boost)  
  23  2:13  Adept  
  23  2:15  Probe (Chrono Boost)  
  26  2:18  Stargate  
  26  2:25  Probe (Chrono Boost)  
  26  2:27  Warp Gate  
  28  2:37  Probe (Chrono Boost)  
  28  2:40  Probe (Chrono Boost)  
  28  2:44  Adept  
  31  2:46  Probe (Chrono Boost)  
  31  2:49  Probe (Chrono Boost)  
  33  2:52  Probe  
  33  2:54  Void Ray (Chrono Boost)  
  34  2:59  Probe  
  34  3:04  Probe  
  40  3:12  Pylon, Probe  
  41  3:16  Probe  
  41  3:17  Adept  
  44  3:28  Oracle (Chrono Boost)  
  44  3:29  Probe  
  44  3:30  Probe  
  49  3:34  Gateway  
  49  3:42  Probe x2  
  51  3:53  Pylon  
  51  3:54  Probe x2  
  53  4:01  Nexus  
  53  4:06  Probe  
  54  4:11  Probe  
  54  4:13  Assimilator  
  54  4:14  Assimilator  
  55  4:20  Stargate  
  55  4:22  Probe  
  55  4:23  Probe  
  57  4:27  Protoss Air Weapons Level 1  
  57  4:33  Forge  
  57  4:34  Pylon, Probe  
  57  4:35  Probe  
  59  4:42  Shield Battery  
  59  4:45  Pylon  
  59  4:46  Void Ray  
  59  4:49  Probe x2  
  65  5:00  Robotics Facility  
  65  5:01  Probe x2 (Chrono Boost)  
  65  5:04  Void Ray (Chrono Boost)  
  67  5:09  Pylon  
  67  5:13  Probe (Chrono Boost)  
  73  5:14  Probe (Chrono Boost)  
  73  5:19  Probe x2 (Chrono Boost)  
  73  5:21  Probe (Chrono Boost)  
  76  5:23  Void Ray (Chrono Boost)  
  76  5:27  Probe  
  78  5:28  Probe  
  78  5:32  Probe  
  81  5:39  Probe  
  81  5:40  Assimilator x2, Void Ray (Chrono Boost), Probe  
  81  5:43  Pylon  
  81  5:44  Probe  
  86  5:51  Shield Battery  
  86  5:52  Probe x2  
  86  5:54  Void Ray (Chrono Boost)  
  86  5:56  Probe  
  93  6:04  Pylon  
  93  6:09  Pylon  
  93  6:12  Probe  
  93  6:13  Probe x2  
  93  6:14  Zealot x2  
  100  6:22  Fleet Beacon  
  100  6:25  Stargate  
  100  6:32  Robotics Bay, Observer  
  101  6:37  Pylon  
  101  6:40  Nexus  
  101  6:41  Pylon  
  101  6:47  Probe x3  
  104  6:54  Gateway  
  104  6:58  Gateway  
  104  6:59  Probe x3  
  107  7:09  Carrier (Chrono Boost)  
  107  7:10  Carrier (Chrono Boost)  
  107  7:11  Photon Cannon  
  107  7:13  Photon Cannon  
  119  7:16  Observer  
  119  7:20  Carrier (Chrono Boost)  
  119  7:25  Probe x3  
  119  7:26  Observer  
  128  7:33  Photon Cannon  
  128  7:34  Shield Battery  
  128  7:37  Shield Battery  
  128  7:40  Photon Cannon  
  128  7:44  Photon Cannon  
  128  7:46  Photon Cannon, Protoss Air Weapons Level 2  
  128  7:56  Probe x2  
  128  7:57  Probe x2  
  132  7:58  Protoss Ground Weapons Level 1  
  132  7:59  Flux Vanes  
  132  8:04  Void Ray x2 (Chrono Boost)  
  132  8:05  Twilight Council  
  132  8:06  Photon Cannon  
  132  8:07  Assimilator  
  132  8:08  Assimilator, Void Ray (Chrono Boost)  
  144  8:25  Gateway  
  144  8:26  Gateway  
  144  8:29  Disruptor (Chrono Boost)  
  144  8:31  Gateway x2  
  147  8:39  Gateway  
  147  8:41  Gateway  
  147  8:42  Charge (Chrono Boost)  
  147  8:43  Templar Archives  
  147  8:58  Disruptor (Chrono Boost)  
  147  9:06  Gateway  
  147  9:09  Gateway, Void Ray x2  
  147  9:11  Gateway  
  155  9:17  Pylon  
  155  9:20  Pylon  
  155  9:22  Pylon  
  155  9:23  Pylon  
  155  9:29  Pylon, Void Ray  
  155  9:31  Pylon  
  155  9:34  Pylon  
  155  9:35  Warp Prism (Chrono Boost)  
  161  9:44  Sentry x3  
  167  9:47  Zealot  
  169  9:54  High Templar x3  
  169  9:55  High Templar, Zealot x2  
  179  10:00  Archon x2  
  177  10:11  Blink (Chrono Boost)  
  177  10:16  Zealot x9  
  195  10:21  Nexus  
  191  10:45  Void Ray x3 (Chrono Boost)  
  191  10:46  Zealot, Protoss Ground Weapons Level 2  
  191  10:47  Zealot x11  
  185  10:56  Zealot  
  185  10:57  Zealot x10  
  157  10:58  Zealot x2  
  164  11:19  Void Ray x3 (Chrono Boost)  
  176  11:30  High Templar x3  
  176  11:31  High Templar x3  
  176  11:32  Zealot x5  
  196  11:35  Warp Prism (Chrono Boost)  
  196  11:36  Archon x2  
  196  11:37  Archon  
  174  11:41  Photon Cannon  
  174  11:56  Zealot  
  174  11:57  Zealot x4  
  184  12:03  High Templar x4  
  184  12:05  Observer (Chrono Boost)  
  184  12:07  Archon x2  
  193  12:13  Zealot x3  
  199  12:19  Robotics Facility  
  197  12:23  Protoss Air Weapons Level 3 (Chrono Boost)  
  197  12:36  Psionic Storm  
  195  12:39  Assimilator  
  195  12:40  Pylon, Assimilator  
  195  12:46  Nexus  
  195  12:48  Zealot  
  194  12:54  Warp Prism  
  194  12:56  Pylon  
  196  13:05  High Templar x2  
  200  13:07  Observer  
  200  13:10  Pylon, Protoss Shields Level 1 (Chrono Boost)  
  200  13:14  Photon Cannon  
  200  13:15  Photon Cannon, Shield Battery  
  200  13:16  Shield Battery  
  200  13:18  Photon Cannon x2  
  200  13:19  Photon Cannon  
  200  13:21  Photon Cannon  
  195  13:36  High Templar x2  
  199  13:51  Nexus  
  199  13:52  Gravitic Drive (Chrono Boost)  
  199  13:53  Photon Cannon  
  199  13:58  Photon Cannon  
  199  14:02  Mothership (Chrono Boost)  
  189  14:05  Assimilator  
  189  14:09  Assimilator  
  193  14:12  Pylon  
  193  14:14  Probe (Chrono Boost)  
  193  14:15  Probe x3 (Chrono Boost)  
  193  14:17  Stargate  
  193  14:19  Stargate  
  193  14:21  Probe x3 (Chrono Boost)  
  196  14:25  High Templar x2  
  196  14:26  Photon Cannon  
  196  14:31  Photon Cannon  
  200  14:38  Photon Cannon  
  200  14:41  Photon Cannon  
  200  14:42  Gravitic Boosters  
  196  14:52  Tempest  
  196  14:53  Protoss Air Armor Level 1, Shield Battery  
  196  14:55  Shield Battery  
  196  14:57  Photon Cannon  
  196  14:59  Photon Cannon  
  194  15:02  Tempest  
  196  15:19  Pylon, Observer x2  
  198  15:24  Pylon  
  198  15:27  Protoss Shields Level 2 (Chrono Boost)  
  198  15:39  Photon Cannon  
  198  15:41  Photon Cannon  
  198  15:44  Shield Battery  
  198  15:46  Pylon  
  196  15:53  Oracle  
  194  16:17  Gateway  
  194  16:18  Gateway  
  194  16:23  Zealot x5  
  199  16:36  Assimilator  
  199  16:51  Dark Shrine  
  189  16:56  Oracle (Chrono Boost)  
  180  17:01  Assimilator  
  180  17:02  Tempest x4 (Chrono Boost)  
  196  17:25  Oracle  
  199  17:33  Pylon  
  199  17:39  Pylon  
  198  17:57  Shield Battery  
  198  17:59  Shield Battery  
  198  18:01  Shield Battery  
  198  18:02  Shield Battery  
  198  18:05  Shield Battery  
  198  18:06  Shield Battery  
  198  18:08  Dark Templar  
  200  18:15  Photon Cannon  
  200  18:16  Photon Cannon  
  200  18:17  Photon Cannon  
  200  18:18  Shield Battery  
  200  18:19  Pylon  
  200  18:20  Pylon  
  200  18:23  Protoss Shields Level 3 (Chrono Boost)  
  200  18:30  Photon Cannon  
  200  18:32  Photon Cannon  
  200  18:34  Photon Cannon  
  200  18:37  Pylon  
  200  18:45  Photon Cannon  
  200  18:56  Pylon  
  200  18:59  Protoss Air Armor Level 2 (Chrono Boost)  
  185  19:13  Observer  
  185  19:14  Mothership (Chrono Boost)  
  193  19:23  Nexus  
  193  19:24  Shadow Stride (Chrono Boost)  
  193  19:26  Assimilator  
  193  19:31  Dark Templar x3  
  199  19:49  Assimilator  
  198  20:08  Nexus  
  191  20:26  Immortal x2 (Chrono Boost), Nexus  
  191  20:30  Unknown  
  199  20:41  Pylon  
  199  20:44  Pylon  
  199  20:48  Shield Battery  
  199  20:52  Pylon  
  199  21:12  Protoss Ground Weapons Level 3 (Chrono Boost)  
  189  21:30  Dark Templar x4  
  191  22:00  Void Ray x5  
  184  22:05  Archon  
  197  22:18  Archon  
  197  22:19  Archon  
  186  22:27  Stalker x9  
  186  22:28  Stalker x6  
  157  22:38  Tempest x3 (Chrono Boost)  
  157  22:39  Tempest x2 (Chrono Boost)  
  142  22:52  Mothership (Chrono Boost)  
  142  22:55  Dark Templar x5  
  144  23:06  Stalker x5  
  144  23:07  Stalker x3  
  160  23:13  Void Ray x3 (Chrono Boost)  
  160  23:18  Tempest x2 (Chrono Boost)  
  180  23:31  Observer x2  
  182  23:36  High Templar x5  
  182  23:40  Photon Cannon, Pylon  
  191  23:41  Photon Cannon  
  191  23:44  Photon Cannon, Protoss Air Armor Level 3 (Chrono Boost)  
  191  23:46  Archon  
  191  23:47  Photon Cannon, Archon  
  191  23:48  Oracle  
  191  23:49  Photon Cannon  
  191  23:51  Photon Cannon  
  191  23:53  Shield Battery  
  190  24:06  Void Ray x4  
  185  24:10  Void Ray  
  186  24:25  Nexus  
  186  24:26  Pylon  
  190  24:44  Nexus  
  190  24:45  Immortal x2 (Chrono Boost)  
  190  24:46  Pylon  
  198  24:56  Photon Cannon  
  198  24:58  Shield Battery  
  198  25:01  Shield Battery  
  195  25:11  Shield Battery  
  191  25:22  Void Ray  
  199  25:35  Oracle  
  198  25:42  Nexus  
  170  25:59  Assimilator  
  170  26:01  Observer  
  169  26:24  Tempest x3  
  184  26:35  Dark Templar x5  
  184  26:39  Pylon  
  184  26:40  Dark Templar x3  
  184  26:41  Dark Templar x2  
  184  26:43  Oracle  
  184  26:46  Archon x2  
  181  27:13  Shield Battery  
  181  27:14  Photon Cannon, Oracle  
  184  27:16  Photon Cannon  
  184  27:17  Pylon  
  184  27:20  Observer  
  170  28:04  Immortal x2  
  178  28:05  Dark Templar x2  
  178  28:06  Dark Templar x3  
  146  28:48  Dark Templar  
  146  28:49  Dark Templar x7  
  146  28:50  Dark Templar  
  146  28:55  Archon x4  
  149  29:01  Stalker x4  
  149  29:02  Stalker x2  
  120  29:23  Stalker x6  
  120  29:24  Stalker x3  
  116  29:26  Stalker x5  
  91  29:55  Stalker x5  
  94  30:05  Observer  
  79  30:09  Stalker x3  
  79  30:13  Stalker  
  87  30:25  Stalker x2  
  85  30:38  Stalker x2  
  89  30:49  Stalker x2  
  87  31:08  Stalker x4  
  72  31:28  Stalker x2  
Show
View Real Time Build Order
Export as new Build Order

Serral Zerg - Winner!

Build Orders: Hatch First, Brood Lord Corruptor 

Get SALT Encoding   

  12  0:00  Drone  
  13  0:13  Overlord  
  13  0:17  Drone  
  14  0:32  Drone x2  
  16  0:44  Drone  
  17  0:53  Hatchery  
  17  0:55  Drone  
  17  0:59  Drone  
  18  1:09  Extractor  
  17  1:13  Spawning Pool  
  17  1:17  Drone  
  17  1:21  Drone  
  18  1:28  Drone  
  19  1:39  Drone  
  20  1:49  Overlord  
  20  2:05  Queen  
  20  2:06  Queen  
  20  2:07  Zergling x4  
  26  2:11  Drone  
  26  2:13  Metabolic Boost  
  28  2:15  Drone  
  28  2:22  Drone  
  29  2:26  Drone  
  30  2:42  Queen  
  32  2:44  Hatchery  
  32  2:47  Drone  
  32  2:48  Drone  
  33  2:53  Overlord  
  33  2:59  Drone  
  33  3:00  Drone x2  
  36  3:08  Overlord  
  36  3:11  Queen  
  38  3:18  Drone x3  
  38  3:19  Drone  
  42  3:23  Zergling x2  
  43  3:28  Drone x2  
  43  3:29  Drone  
  43  3:32  Queen  
  47  3:35  Zergling x2  
  47  3:36  Zergling x2  
  47  3:41  Zergling x2  
  50  3:47  Overlord x2  
  50  3:48  Drone  
  51  3:55  Spore Crawler  
  51  3:56  Drone x2  
  51  3:59  Spore Crawler  
  51  4:00  Drone x2  
  51  4:02  Drone x2  
  55  4:04  Drone  
  56  4:12  Overlord  
  56  4:13  Drone x2  
  58  4:19  Overlord  
  58  4:20  Drone x3  
  58  4:23  Spore Crawler  
  58  4:25  Spore Crawler  
  58  4:28  Drone x3  
  61  4:36  Drone x2  
  63  4:39  Roach Warren, Overlord  
  63  4:40  Drone  
  63  4:42  Drone  
  64  4:45  Queen  
  64  4:50  Lair  
  66  4:53  Extractor x2  
  66  4:54  Zergling x2  
  66  4:56  Drone x2  
  66  4:57  Drone  
  66  4:58  Drone  
  66  4:59  Drone  
  70  5:03  Drone x3  
  70  5:04  Drone  
  70  5:06  Drone  
  75  5:09  Overlord  
  75  5:11  Drone x2  
  75  5:14  Drone x2  
  79  5:18  Drone x2  
  81  5:24  Drone x5  
  84  5:30  Overlord  
  84  5:31  Drone x2, Extractor x3  
  84  5:35  Drone x2  
  83  5:36  Drone  
  83  5:42  Drone  
  85  5:43  Drone  
  85  5:48  Overlord  
  86  5:50  Evolution Chamber  
  86  5:51  Hatchery  
  86  5:52  Queen x2  
  86  5:55  Pneumatized Carapace  
  88  5:57  Overseer  
  88  6:01  Drone x4  
  92  6:05  Drone, Infestation Pit  
  92  6:10  Glial Reconstitution  
  92  6:11  Drone x3  
  92  6:16  Overlord  
  95  6:18  Drone  
  95  6:19  Drone x5  
  95  6:23  Overlord  
  101  6:27  Drone  
  101  6:28  Drone  
  101  6:29  Spire  
  101  6:31  Overlord  
  102  6:33  Drone x2  
  102  6:36  Overlord  
  102  6:37  Drone  
  105  6:44  Queen, Extractor x2, Hive  
  104  6:47  Queen  
  106  6:54  Drone x2  
  106  6:55  Drone x2  
  106  6:58  Drone, Overlord  
  109  7:01  Overlord  
  109  7:04  Drone  
  109  7:05  Drone x3  
  111  7:14  Queen  
  111  7:15  Hatchery  
  112  7:16  Infestor x2  
  112  7:19  Queen  
  112  7:20  Zerg Missile Weapons Level 1  
  112  7:22  Drone, Evolution Chamber  
  119  7:26  Overseer  
  118  7:30  Queen  
  118  7:34  Overlord  
  118  7:36  Zergling x10  
  118  7:37  Zergling x2  
  126  7:43  Overlord  
  126  7:48  Baneling Nest  
  126  7:49  Queen  
  126  7:50  Spore Crawler  
  126  7:54  Zerg Ground Armor Level 1  
  126  7:55  Queen  
  128  7:58  Viper x3  
  128  7:59  Viper  
  128  8:00  Greater Spire  
  128  8:01  Overseer  
  140  8:09  Drone  
  140  8:10  Drone x11  
  152  8:16  Overlord x2  
  152  8:17  Extractor x2  
  150  8:23  Overlord  
  150  8:26  Spore Crawler  
  150  8:27  Spore Crawler x2, Corruptor x5  
  157  8:37  Spore Crawler  
  157  8:40  Corruptor  
  157  8:41  Corruptor x4  
  166  8:52  Drone x2  
  166  8:53  Drone x3  
  169  8:58  Drone x4  
  169  8:59  Drone x2  
  169  9:00  Spore Crawler x4  
  169  9:01  Spore Crawler  
  167  9:03  Centrifugal Hooks  
  167  9:12  Zerg Flyer Armor Level 1  
  167  9:13  Brood Lord  
  167  9:14  Spire  
  167  9:15  Brood Lord  
  170  9:19  Overseer x2  
  170  9:20  Brood Lord  
  170  9:23  Brood Lord  
  174  9:25  Brood Lord  
  176  9:31  Zerg Melee Weapons Level 1  
  176  9:32  Drone x3  
  176  9:33  Overlord  
  176  9:34  Overlord  
  176  9:36  Burrow  
  179  9:42  Zergling x4  
  181  9:54  Overlord  
  181  9:57  Spore Crawler x2  
  181  9:59  Zerg Ground Armor Level 2  
  179  10:06  Drone x3  
  179  10:07  Drone x3, Spore Crawler  
  182  10:08  Spore Crawler  
  182  10:10  Spore Crawler x2  
  182  10:11  Spore Crawler, Spine Crawler x2  
  182  10:12  Spine Crawler  
  182  10:13  Drone x4, Spine Crawler  
  182  10:14  Drone  
  179  10:16  Spore Crawler x2  
  179  10:18  Spore Crawler x3  
  179  10:19  Brood Lord  
  176  10:28  Ultralisk Cavern  
  171  10:33  Zergling x24  
  173  10:53  Corruptor  
  173  10:54  Corruptor x5  
  173  11:02  Corruptor x3  
  162  11:11  Zergling x14  
  163  11:23  Zergling x20  
  165  11:28  Baneling x4  
  160  11:42  Viper  
  160  11:43  Viper  
  160  11:47  Extractor  
  165  11:48  Drone x2  
  165  11:49  Drone  
  168  11:54  Hatchery  
  168  11:56  Drone x3  
  168  11:57  Drone x3  
  173  12:02  Spore Crawler  
  173  12:04  Zerg Flyer Weapons Level 1  
  173  12:05  Zerg Flyer Armor Level 2  
  172  12:14  Corruptor x2  
  172  12:15  Corruptor  
  178  12:17  Infestor  
  179  12:36  Baneling x2, Corruptor x4  
  185  12:52  Zerg Melee Weapons Level 2  
  185  12:55  Hatchery  
  184  12:59  Pathogen Glands  
  184  13:00  Overlord  
  184  13:01  Overlord  
  183  13:05  Overlord  
  183  13:09  Chitinous Plating  
  183  13:14  Overlord  
  183  13:21  Brood Lord x2  
  187  13:41  Zergling x14  
  190  13:42  Zergling x2  
  190  14:02  Infestor x5  
  194  14:03  Infestor  
  194  14:08  Zerg Ground Armor Level 3  
  199  14:17  Overlord  
  199  14:24  Zerg Flyer Weapons Level 2, Neural Parasite  
  199  14:25  Zerg Flyer Armor Level 3  
  199  14:28  Anabolic Synthesis, Spore Crawler x2  
  199  14:30  Drone  
  198  14:31  Spore Crawler  
  198  14:35  Extractor  
  198  14:37  Infestor  
  198  14:41  Overseer  
  188  15:07  Corruptor x5  
  198  15:27  Zerg Melee Weapons Level 3  
  191  15:38  Zergling x10, Ultralisk  
  200  15:57  Overseer  
  200  16:02  Hatchery  
  199  16:28  Zergling x2  
  199  16:29  Baneling x2  
  199  16:30  Baneling x6  
  200  16:37  Overlord  
  200  16:39  Hatchery  
  199  16:44  Zergling x2  
  199  16:45  Zerg Missile Weapons Level 2  
  196  17:01  Zerg Flyer Weapons Level 3, Corruptor  
  198  17:10  Overseer  
  198  17:38  Zergling x2  
  197  18:00  Zergling x6  
  200  18:08  Extractor  
  200  18:09  Extractor  
  197  18:36  Zergling x6  
  197  18:37  Overseer  
  198  18:41  Spine Crawler  
  198  18:42  Spine Crawler  
  198  18:44  Spine Crawler  
  198  18:46  Drone x3  
  198  18:48  Drone x2  
  199  19:06  Viper  
  192  19:12  Corruptor x5, Viper  
  199  19:34  Infestor x3  
  199  19:35  Infestor x6  
  199  19:37  Zerg Missile Weapons Level 3  
  191  19:51  Brood Lord  
  191  19:52  Brood Lord  
  194  20:11  Corruptor  
  194  20:19  Zergling x8, Ultralisk  
  195  20:37  Ultralisk  
  199  20:45  Hatchery  
  189  21:30  Infestor  
  191  21:33  Ultralisk, Corruptor  
  196  21:57  Extractor  
  193  22:01  Extractor  
  186  22:20  Corruptor x6  
  165  22:39  Ultralisk x4  
  170  23:01  Overseer  
  170  23:03  Brood Lord x2  
  170  23:05  Brood Lord x4  
  180  23:12  Spore Crawler  
  179  23:13  Spore Crawler, Infestor x2  
  179  23:16  Zergling x28  
  179  23:17  Drone x8, Zergling x2  
  179  23:19  Drone x6  
  196  23:20  Overseer  
  196  23:27  Viper  
  199  23:35  Hatchery  
  198  23:46  Spore Crawler  
  198  23:47  Spore Crawler x2  
  195  23:49  Spore Crawler  
  195  23:50  Spore Crawler x2  
  189  24:03  Drone  
  170  24:27  Zergling x20  
  170  24:28  Zergling x4  
  170  24:29  Queen x2  
  186  24:34  Brood Lord  
  188  24:38  Corruptor x5  
  188  24:39  Corruptor  
  188  24:41  Overseer  
  200  24:47  Spore Crawler  
  200  24:48  Spore Crawler  
  200  24:49  Spore Crawler  
  200  24:50  Overseer  
  197  24:55  Baneling x7  
  197  24:56  Baneling x2  
  189  25:07  Zergling x22  
  190  25:26  Zergling x2  
  190  25:27  Zergling x22  
  199  25:48  Corruptor  
  199  25:49  Corruptor x2  
  194  25:51  Brood Lord x2  
  194  25:56  Corruptor  
  198  26:05  Hatchery  
  194  26:19  Overseer  
  194  26:22  Viper x2  
  194  26:24  Overlord  
  194  26:25  Overlord  
  189  26:42  Zergling x14  
  190  26:49  Drone  
  187  26:56  Zergling x18  
  187  26:57  Zergling x4  
  200  27:05  Overseer  
  198  27:09  Brood Lord  
  193  27:40  Corruptor x7  
  200  27:48  Hatchery  
  199  27:52  Infestor  
  199  28:31  Extractor  
  182  28:37  Extractor  
  169  28:44  Corruptor x5  
  168  28:54  Corruptor x2  
  168  28:55  Corruptor x11  
  170  29:05  Corruptor x8  
  170  29:06  Corruptor  
  179  29:16  Ultralisk x4  
  178  29:37  Zergling x10  
  178  29:38  Zergling x22  
  178  29:49  Overlord x3  
  178  29:50  Overlord  
  165  30:08  Brood Lord x4  
  165  30:10  Brood Lord  
  175  30:22  Infestor x3  
  181  30:48  Hatchery  
  181  30:49  Infestor  
  176  31:04  Brood Lord x2  
  176  31:21  Hatchery  
  176  31:22  Drone x25  
  156  31:45  Drone  
  152  31:58  Hatchery  
Tags
 
Add a new tag
Caveats
  • Supply blocks, unpowered buildings, or Contaminate may cause inaccurate times.
  • Supply counts are checked every 10 seconds.